 Dungeon Crawl Stone Soup version 0.19.1 (webtiles) character file.

20 JGreham the Chopper (level 2, -6/27 HPs)
             Began as a Minotaur Chaos Knight on Dec 23, 2016.
             Mangled by PerfectAlchemist19's ghost (11 damage)
             ... on level 3 of the Dungeon.
             The game lasted 00:03:56 (656 turns).

JGreham the Chopper (Minotaur Chaos Knight)          Turns: 656, Time: 00:04:00

Health: -6/27      AC:  6    Str: 16    XL:     2   Next: 58%
Magic:  1/1        EV: 11    Int:  9    God:    Xom [..*...]
Gold:   53         SH:  0    Dex:  9    Spells: 0 memorised, 1 level left

rFire  . . .     SeeInvis .     a - +0 hand axe (chaos)
rCold  . . .     Gourm    .     b - +2 leather armour
rNeg   . . .     Faith    .     (no shield)
rPois  .         Spirit   .     (helmet restricted)
rElec  .         Reflect  .     d - +0 cloak (curse)
rCorr  .         Harm     .     (no gloves)
MR     .....                    (no boots)
Stlth  +.........               (no amulet)
                                (no ring)
                                (no ring)

@: no status effects
A: retaliatory headbutt, horns 2
a: Renounce Religion


You were on level 3 of the Dungeon.
You worshipped Xom.
You were a toy of Xom.
You were not hungry.

You visited 1 branch of the dungeon, and saw 3 of its levels.

You collected 53 gold pieces.

Inventory:

Hand Weapons
 a - a +0 hand axe of chaos (weapon)
Armour
 b - a +2 leather armour (worn)
 d - a cursed +0 cloak (worn)
 j - a +0 robe
Jewellery
 g - a +2 ring of slaying {unknown}
Scrolls
 h - a scroll of identify
 i - a scroll of teleportation {unknown}
Comestibles
 c - 2 bread rations
 f - 3 fruits


   Skills:
 + Level 4.1 Fighting
 + Level 4.1 Axes
 + Level 2.7 Armour
 + Level 1.2 Dodging


You had one spell level left.
You didn't know any spells.

Dungeon Overview and Level Annotations

Branches:
Dungeon (3/15)

Altars:
Fedhas
Nemelex Xobeh
Ru

Annotations:
D:3 PerfectAlchemist19's ghost, weakling MfGl


Innate Abilities, Weirdness & Mutations

You reflexively headbutt those who attack you in melee.
You have a pair of horns on your head.


Message History

You completely miss the orc.
The orc is heavily wounded.
The orc hits you but does no damage.
You hit the orc but do no damage.
The orc is heavily wounded.
You closely miss PerfectAlchemist19's ghost.
PerfectAlchemist19's ghost stares at you.
PerfectAlchemist19's ghost hits you! The orc closely misses you.
It was a potion of magic.
Magic courses through your body.
Xom thinks this is hilarious!
PerfectAlchemist19's ghost hits you!
* * * LOW HITPOINT WARNING * * *
You emit a cloud of colourful smoke!
You hit PerfectAlchemist19's ghost but do no damage.
You hit the orc.
Xom makes a sudden noise!
You hear an angry hiss.
You hear a shout!
The orc closely misses you. PerfectAlchemist19's ghost hits you!
You die...
Xom chortles!

#. # #.# #.#
#.##.########### ##
#..
#..............#
...
#.#####.######..#..
.... #.......#
##.#.#
..?..##......#
#.#.#
.............#
#.#<.
.....##W.....#
#.### ... #@§....#
#.... # #o§.....#
##### ##......#
#......# #......#
#..##+## #.. ...


You could see PerfectAlchemist19's ghost and an orc.

Vanquished Creatures
  A leopard gecko (D:2)
  A giant cockroach (D:1)
  5 goblins
  2 hobgoblins
  A kobold (D:2)
  4 bats
  A rat (D:2)
15 creatures vanquished.

Vanquished Creatures (collateral kills)
  A kobold (D:2)
1 creature vanquished.

Grand Total: 16 creatures vanquished

Notes
Turn   | Place    | Note
-------+----------+-------------------------------------------
     0 | D:1      | JGreham the Minotaur Chaos Knight began the quest for the Orb.
     0 | D:1      | Reached XP level 1. HP: 19/19 MP: 0/0
    37 | D:1      | XOM: harmless Ice miscast
   131 | D:1      | Found a sparkling altar of Nemelex Xobeh.
   145 | D:1      | XOM: harmless Hex miscast
   242 | D:2      | Reached XP level 2. HP: 27/27 MP: 1/1
   333 | D:2      | XOM: harmless Tmut miscast
   507 | D:2      | Found a sacrificial altar of Ru.
   508 | D:2      | Found a blossoming altar of Fedhas.
   647 | D:3      | Noticed PerfectAlchemist19's ghost (weakling MfGl)
   650 | D:3      | XOM: harmless Conj miscast
   655 | D:3      | XOM: smoke on damage
   656 | D:3      | XOM: noise
   656 | D:3      | Mangled by PerfectAlchemist19's ghost

Skill      XL: |  1  2 |
---------------+-------+-----
Axes           | 4 |  4.1
Fighting       | 4 |  4.1
Armour         | |  2.7
Dodging        | |  1.2

Action                   || total
-------------------------++-------
Melee: Hand axe          ||    33
       Headbutt          ||     4
  Use: Scroll            ||     1
       Potion            ||     1
Armor: Leather armour    ||    16
Dodge: Dodged            ||    24
